 Dungeon Crawl Stone Soup version 0.27.1-35-g4d5d836560 (console) character file.

Game seed: 7634692467000983471

2110498 grimtooth the Metallomancer (level 27, 173/173 HPs)
             Began as a Gargoyle Ice Elementalist on Aug 20, 2022.
             Was an Initiate of Gozag.
             Escaped with the Orb
             ... and 4 runes on Sept 22, 2022!
             The game lasted 15:31:44 (87475 turns).

grimtooth the Metallomancer (GrIE)                 Turns: 87475, Time: 15:31:44

Health: 173/173    AC: 65    Str: 20 (22) XL:     27
Magic:  47/47      EV: 14    Int: 34 (36) God:    Gozag
Gold:   16594      SH: 17    Dex: 26      Spells: 11/56 levels left

rFire    + . .     SeeInvis +   a - staff of conjuration
rCold    + + .     Faith    .   y - +2 kite shield of the Swamp {rF+ rC+ rCorr Slay-2}
rNeg     + . .     Spirit   .   k - +14 plate armour of the Forest {rPois}
rPois    ∞         Reflect  .   s - +3 hat of Pondering {ponderous, Will+ MP+10 Int+5}
rElec    +         Harm     .   u - +2 cloak {Will+}
rCorr    +         Rampage  +   A - +0 pair of gloves of Zaet {Regen+ Dex+3}
Will     +++++                  l - +2 pair of boots {rampage}
Stlth    +.........             i - amulet "Lufogeb" {rElec rC+ Regen+}
HPRegen  2.38/turn              f - ring of Soppunaf {rPois Will+ rCorr Dex+9 SInv}
MPRegen  0.30/turn              I - ring "Pepyipt" {Str+6 Int+4 Dex+4}

@: flying, studying 2 skills, slow
A: sickness immunity, AC +20, big wings, negative energy resistance 1,
electricity resistance, torment resistance 1, petrification resistance, clever
1, deterioration 2, low mp 1, passive freeze, screaming 1, inhibited
regeneration
0: Orb of Zot
}: 4/15 runes: decaying, slimy, silver, gossamer
a: Renounce Religion, Potion Petition, Call Merchant, Bribe Branch


You escaped.
You worshipped Gozag.
Gozag was extremely pleased with you.
You visited 11 branches of the dungeon, and saw 55 of its levels.
You also visited: Ice Cave.

You collected 35272 gold pieces.
You spent 12505 gold pieces at shops.
You paid 6173 gold pieces to Gozag.

Inventory:

Hand Weapons
 b - a +6 quick blade of freezing
 t - the +9 staff of Wucad Mu {*channel}
   (You acquired it on level 4 of the Realm of Zot)

   It occasionally powers its wielder's spells, but with a chance of causing
   confusion or draining the wielder's intelligence.
   It becomes more likely to activate and less likely to backfire with increased
   Evocations skill.
Missiles
 m - 18 javelins (quivered)
 r - 18 boomerangs
 D - 12 throwing nets {=f}
 J - 6 curare-tipped darts
 S - 13 atropa-tipped darts
 U - 20 datura-tipped darts
Armour
 k - the +14 plate armour of the Forest (worn) {rPois}
   (You bought it in a shop on level 4 of the Vaults)

   rPois:     It protects you from poison.
 l - a +2 pair of boots of rampaging (worn)
 s - the +3 hat of Pondering (worn) {ponderous, Will+ MP+10 Int+5}
   (You took it off Gastronok on level 1 of the Orcish Mines)

   Int:       It affects your intelligence (+5).
   MP:        It affects your magic capacity (+10).
   Will:      It increases your willpower.
 u - a +2 cloak of willpower (worn)
 y - the +2 kite shield of the Swamp (worn) {rF+ rC+ rCorr Slay-2}
   (You found it on level 3 of the Spider Nest)

   Slay:      It affects your accuracy & damage with ranged weapons and melee
   (-2).
   rF:        It protects you from fire.
   rC:        It protects you from cold.
   rCorr:     It protects you from acid and corrosion.
 A - the +0 pair of gloves of Zaet (worn) {Regen+ Dex+3}
   (You found it on level 3 of the Depths)

   Dex:       It affects your dexterity (+3).
   Regen:     It increases your rate of health regeneration.
Magical Staves
 a - a staff of conjuration (weapon)
Jewellery
 f - the ring of Soppunaf (left hand) {rPois Will+ rCorr Dex+9 SInv}
   (You bought it in a shop on level 3 of the Elven Halls)

   [ring of see invisible]

   Dex:       It affects your dexterity (+9).
   rPois:     It protects you from poison.
   SInv:      It lets you see invisible.
   rCorr:     It protects you from acid and corrosion.
   Will:      It increases your willpower.
 i - the amulet "Lufogeb" (around neck) {rElec rC+ Regen+}
   (You bought it in a shop on level 1 of the Depths)

   [amulet of regeneration]

   rC:        It protects you from cold.
   rElec:     It insulates you from electricity.
   Regen:     It increases your rate of health regeneration.
 x - a +6 ring of intelligence
 I - the ring "Pepyipt" (right hand) {Str+6 Int+4 Dex+4}
   (You found it on level 3 of the Elven Halls)

   [ring of strength]

   Str:       It affects your strength (+6).
   Int:       It affects your intelligence (+4).
   Dex:       It affects your dexterity (+4).
 M - the ring "Peniq" {Will+ EV+4 Int+3 Slay-2 Stlth+}
   (You found it on level 5 of the Pits of Slime)

   [ring of evasion]

   EV:        It affects your evasion (+4).
   Int:       It affects your intelligence (+3).
   Slay:      It affects your accuracy & damage with ranged weapons and melee
   (-2).
   Will:      It increases your willpower.
   Stlth:     It makes you more stealthy.
Wands
 j - a wand of iceblast (32)
 w - a wand of acid (46)
 B - a wand of digging (7)
 G - a wand of charming (8)
 L - a wand of polymorph (38)
 P - a wand of mindburst (39)
 Z - a wand of paralysis (7)
Scrolls
 h - 24 scrolls of teleportation
 p - 5 scrolls of vulnerability
 q - 6 scrolls of blinking
 v - 2 scrolls of summoning
 C - 12 scrolls of fear
 H - 6 scrolls of fog
 K - 2 scrolls of silence
 N - 8 scrolls of magic mapping
 X - a scroll of enchant armour
Potions
 c - 2 potions of cancellation
 d - 19 potions of ambrosia
 g - 4 potions of invisibility
 o - 19 potions of curing
 Q - 13 potions of might
 T - 4 potions of resistance
 V - 2 potions of brilliance
 W - 15 potions of haste
Miscellaneous
 e - a phial of floods
 n - a tin of tremorstones (2/2)
 z - a phantom mirror
 E - a lightning rod (4/4)
 F - a condenser vane
 Y - a box of beasts


   Skills:
 - Level 18.0 Fighting
 - Level 9.0 Short Blades
 - Level 12.0 Staves
 - Level 10.0 Throwing
 - Level 18.0 Armour
 - Level 10.0 Dodging
 - Level 12.0 Stealth
 - Level 15.0 Shields
 - Level 15.0 Spellcasting
 - Level 15.0 Conjurations
 - Level 10.0 Necromancy
 - Level 12.0 Translocations
 - Level 12.0 Transmutations
 + Level 17.7 Ice Magic
 - Level 6.0 Air Magic
 * Level 24.5 Earth Magic
 - Level 10.0 Evocations


You had 11 spell levels left.
You knew the following spells:

 Your Spells              Type           Power      Damage    Failure   Level
a - Manifold Assault      Tloc           82%        N/A       2%          5
b - Ozocubu's Armour      Ice            98%        N/A       1%          3
c - Frozen Ramparts       Ice            100%       1d12      1%          3
f - Ozocubu's Refrigerat  Ice            49%        4d14      9%          7
g - Bolt of Magma         Conj/Fire/Erth 53%        4d21      1%          5
h - Iron Shot             Conj/Erth      63%        9d12      1%          6
k - Blink                 Tloc           N/A        N/A       1%          2
r - Irradiate             Conj/Tmut      54%        3d31      1%          5
v - Borgnjor's Vile Clut  Necr/Erth      48%        N/A       1%          5
y - Petrify               Tmut/Erth      99%        N/A       1%          4

Your spell library contained the following spells:

 Spells                   Type           Power      Damage    Failure   Level
 Freeze                   Ice            100%       1d11      0%          1
 Stone Arrow              Conj/Erth      100%       3d13      0%          3
 Lee's Rapid Deconstruct  Erth           56%        3d27*     0%          5
 Animate Skeleton         Necr           100%       N/A       1%          1
 Foxfire                  Conj/Fire      100%       2x1d9     1%          1
 Magic Dart               Conj           100%       1d8       1%          1
 Pain                     Necr           100%       1d9       1%          1
 Shock                    Conj/Air       100%       1d9       1%          1
 Sting                    Tmut/Pois      100%       1d8       1%          1
 Corpse Rot               Necr/Air       N/A        N/A       1%          2
 Ensorcelled Hibernation  Hex/Ice        100%       N/A       1%          2
 Static Discharge         Conj/Air       98%        N/A       1%          2
 Wereblood                Tmut           82%        N/A       1%          2
 Conjure Flame            Conj/Fire      86%        6-21      1%          3
 Dazzling Flash           Conj/Hex       100%       N/A       1%          3
 Gell's Gravitas          Tloc           41%        N/A       1%          3
 Lesser Beckoning         Tloc           41%        N/A       1%          3
 Teleport Other           Tloc           82%        N/A       1%          3
 Vampiric Draining        Necr           38%        2d11      1%          3
 Hailstorm                Conj/Ice       100%       3d20      1%          4
 Ice Form                 Ice/Tmut       90%        N/A       1%          4
 Iskenderun's Mystic Bla  Conj/Tloc      100%       2d19      1%          4
 Leda's Liquefaction      Hex/Erth       41%        N/A       1%          4
 Freezing Cloud           Conj/Ice/Air   53%        6-21      1%          5
 Mephitic Cloud           Conj/Pois/Air  83%        N/A       2%          3
 Animate Dead             Necr           38%        N/A       2%          4
 Dispel Undead            Necr           76%        3d25      2%          4
 Swiftness                Air            60%        N/A       3%          3
 Lightning Bolt           Conj/Air       49%        1d69      5%          5
 Poisonous Vapours        Pois/Air       90%        N/A       6%          2
 Fulminant Prism          Conj/Hex       43%        3d20      6%          4
 Sticky Flame             Conj/Fire      86%        2d10      6%          4
 Agony                    Necr           76%        N/A       6%          5
 Ignite Poison            Fire/Tmut/Pois 51%        N/A       9%          3
 Airstrike                Air            30%        N/A       12%         4
 Corona                   Hex            27%        N/A       14%         1
 Summon Small Mammal      Summ           100%       N/A       14%         1
 Fireball                 Conj/Fire      43%        3d17      19%         5
 Call Imp                 Summ           25%        N/A       22%         2
 Slow                     Hex            25%        N/A       22%         2
 Orb of Destruction       Conj           56%        9d16      26%         7
 Conjure Ball Lightning   Conj/Air       49%        3x3d17    28%         6
 Summon Forest            Summ/Tloc      30%        N/A       32%         5
 Yara's Violent Unravell  Hex/Tmut       30%        3d13      32%         5
 Death Channel            Necr           38%        N/A       34%         6
 Call Canine Familiar     Summ           25%        N/A       38%         3
 Confusing Touch          Hex            25%        N/A       38%         3
 Inner Flame              Hex/Fire       25%        N/A       38%         3
 Summon Guardian Golem    Hex/Summ       25%        N/A       38%         3
 Tukima's Dance           Hex            25%        N/A       38%         3
 Summon Lightning Spire   Summ/Air       45%        N/A       38%         4
 Shatter                  Erth           56%        3d42*     52%         9
 Dragon Form              Tmut           41%        N/A       65%         7
 Starburst                Conj/Fire      43%        6d12      69%         6
 Silence                  Hex/Air        22%        N/A       75%         5
 Cause Fear               Hex            12%        N/A       80%         4
 Olgreb's Toxic Radiance  Pois           25%        N/A       80%         4
 Eringya's Noxious Bog    Tmut/Pois      30%        N/A       88%         6
 Storm Form               Tmut/Air       36%        N/A       96%         7
 Spellforged Servitor     Conj/Summ      43%        N/A       99%         7
 Malign Gateway           Summ/Tloc      30%        N/A       100%        7
 Summon Hydra             Summ           12%        N/A       100%        7
 Discord                  Hex            12%        N/A       100%        8
 Ignition                 Fire           12%        3d6       100%        8
 Maxwell's Capacitive Co  Air            30%        ∞         100%        8
 Dragon's Call            Summ           12%        N/A       100%        9
 Sublimation of Blood     Necr           Unusable   N/A       N/A         2
 Statue Form              Tmut/Erth      Unusable   N/A       N/A         6

Dungeon Overview and Level Annotations

Branches:
Dungeon (15/15)            Temple (1/1) D:6            Lair (6/6) D:10
  Swamp (4/4) Lair:2       Spider (4/4) Lair:3        Slime (5/5) Lair:6
    Orc (2/2) D:10            Elf (3/3) Orc:2        Vaults (5/5) D:13
  Crypt (0/3) Vaults:2     Depths (5/5) D:15            Zot (5/5) Depths:5
  IceCv (visited)

Altars:
Ashenzari
Cheibriados
Dithmenos
Elyvilon
Fedhas
Gozag
Hepliaklqana
Kikubaaqudgha
Makhleb
Nemelex Xobeh
Okawaru
Qazlal
Ru
Sif Muna
Trog
Uskayaw
Vehumet
Wu Jian
Xom
Yredelemnul
Zin
The Shining One
Beogh
Jiyva
Lugonu

Shops:
D:9 :   D:13 :[   D:14 [   Orc:1 (   Orc:2 [(*=   Elf:1 !   Elf:3 =:=?
Vaults:3 *   Vaults:4 [([   Depths:1 =   Depths:5 =::

Portals:
Hell: Depths:1 Depths:2 Depths:4 Depths:5
Abyss: Depths:2 Depths:4
Pandemonium: Depths:1 Depths:3
Ziggurat: Depths:4
Trove: D:10 (give 5 potions of resistance)

Annotations:
Orc:2 2 transporters, lazarouslive's ghost, journeyman MiFi
Vaults:4 34 runed doors, exclusion: 3 doors
Depths:1 21 runed doors


Innate Abilities, Weirdness & Mutations

You are immune to sickness and miasma.
Your stone body is resilient. (AC +20)
You are immune to poison.
Your large and strong wings let you fly.
You resist negative energy. (rN+)
You are resistant to electric shocks. (rElec)
You are resistant to unholy torment.
You are immune to petrification.
Your mind is acute. (Int +2)
Your body often deteriorates upon taking damage.
Your magical capacity is low. (-10% MP)
A frigid envelope surrounds you and freezes all who hurt you.
You occasionally shout uncontrollably at your foes.
You do not regenerate when monsters are visible.


Message History

The soul eater is lightly wounded.
Your plate armour of the Forest prevents you from hitting the soul eater.
The soul eater is lightly wounded.
Casting: Iron Shot (mildly dangerous; 1% risk of failure)
Confirm with . or Enter, or press ? or * to list all spells.
Aiming: Iron Shot (mildly dangerous; 1% risk of failure)
Press: ? - help, Shift-Dir - straight line, f - soul eater
Aim: a soul eater (lightly wounded, 81% to hit)
You feel a surge of power!
The iron shot hits the soul eater!!!
You kill the soul eater!
You now have 16594 gold pieces (gained 4).
There is an escape hatch in the ceiling here.
A mysterious force pulls you upwards. The hatch slams shut behind you.
(D) Dungeon (T) Temple (L) Lair (S) Swamp (N) Spider Nest (M) Slime Pits (O) Orcish Mines (E) Elven Halls (V) Vaults (C) Crypt (U) Depths (H) Hell (Z) Zot
Where to? (* - list waypoints, Enter - D:4, ? - help) Magic restored.
There is a stone staircase leading up here.
You fly upwards.
There is a stone staircase leading down here.
(D) Dungeon (T) Temple (L) Lair (S) Swamp (N) Spider Nest (M) Slime Pits (O) Orcish Mines (E) Elven Halls (V) Vaults (C) Crypt (U) Depths (H) Hell (Z) Zot
Where to? (* - list waypoints, Enter - D:2, ? - help)
There is a stone staircase leading up here.
You fly upwards.
There is a stone staircase leading down here.
(D) Dungeon (T) Temple (L) Lair (S) Swamp (N) Spider Nest (M) Slime Pits (O) Orcish Mines (E) Elven Halls (V) Vaults (C) Crypt (U) Depths (H) Hell (Z) Zot
Where to? (* - list waypoints, Enter - D:1, ? - help)
Okay, then.
You reach down and open the door.
There is an open door here.
There is a staircase leading out of the dungeon here.
You have escaped!

######.#........####............|
### #.###.#.........##.......#..
..# #.# #.#.#.....#.#...........
..# #.###...##...##...#.#######.
..# #.##....###.###.....# #. ..#
#....#### #.# ####..# ##
..####.#...## #.# ##..##
.......##...####.####...#
.......##.......@...)...#
.......##...####.####...# #
...........## #.# ##..# #
......##..#### #.# ####.# #
......###....###.###....# #
####### ##...##...##...## # .#
###.#.....#.### # .# #.........##
#### .# #..#.......########...


There were no monsters in sight!

Vanquished Creatures
  the Royal Jelly (Slime:5)
  Mara (Vaults:4)
  6 orbs of fire
  4 ancient liches
  Bai Suzhen (Vaults:5)
  3 Killer Klowns
  3 curse toes
  A caustic shrike (Depths:2)
  11 golden dragons
  2 bone dragons
  6 electric golems
  Jorgrun (Orc:2)
  13 tentacled monstrosities
  10 Orb Guardians
  2 titans (Vaults:5)
  6 liches
  3 deep elf blademasters
  18 acid blobs
  10 quicksilver dragons
  2 deep elf master archers (Elf:3)
  9 death cobs
  6 sphinxes
  Gastronok (Orc:1)
  An Executioner (D:11)
  7 tengu reavers
  11 shadow dragons
  2 thorn hunters (Swamp:4)
  Agnes (D:15)
  17 storm dragons
  Donald (Orc:2)
  13 draconian monks
  Roxanne (Swamp:2)
  14 rockslimes
  11 azure jellies
  5 orc warlords
  2 iron dragons
  6 draconian knights
  16 frost giants
  11 fire giants
  A balrug (Depths:4)
  5 deep elf sorcerers
  19 vault wardens
  Aizul (Swamp:3)
  13 draconian scorchers
  3 emperor scorpions
  6 draconian shifters
  6 ghost moths
  7 draconian annihilators
  19 ironbound preservers
  9 quicksilver oozes
  2 deep elf elementalists (Elf:3)
  4 spriggan defenders
  8 war gargoyles
  10 draconian stormcallers
  16 green draconians
  36 very ugly things
  8 deep elf demonologists
  Azrael (D:13)
  4 vampire knights
  12 stone giants
  20 black draconians
  2 spark wasps (Spider:4)
  Nessos (D:15)
  2 bunyips
  8 deep elf annihilators
  10 dire elephants
  13 purple draconians
  4 entropy weavers
  12 yellow draconians
  15 red draconians
  2 merfolk javelineers (Depths:1)
  A blizzard demon (Depths:4)
  10 deep elf death magi
  7 eleionomae
  Snorg (Orc:2)
  11 white draconians
  4 crystal guardians
  17 yaktaur captains
  7 ettins
  10 fire dragons
  8 ironbound thunderhulks
  9 deep elf high priests
  7 great orbs of eyes
  A shambling mangrove (Swamp:2)
  8 ice dragons
  Josephine (Lair:5)
  16 centaur warriors
  Harold (Lair:1)
  Fannar (Lair:1)
  7 boulder beetles
  4 peacekeepers
  30 vault guards
  7 spriggan air magi
  2 ogre magi
  2 ghost crabs (Swamp:4)
  A rakshasa (Depths:3)
  28 hydras
  3 death knights
  9 ironbound frosthearts
  10 alligators
  A merfolk avatar (Lair:6)
  3 hell hogs (Depths:4)
  8 death scarabs (Spider:4)
  7 death yaks
  8 deep troll shamans
  7 two-headed ogres
  7 deep troll earth magi
  9 ironbound beastmasters
  15 tengu warriors
  5 orc high priests
  2 vampire magi
  Urug (Orc:2)
  A shock serpent (shapeshifter) (Vaults:5)
  2 shock serpents (Zot:2)
  4 sun demons
  6 hell knights
  5 soul eaters
  11 spriggan berserkers
  The ghost of Romesagentofchaos the Cleaver, a novice MiFi of Trog (D:7)
  15 deep elf knights
  2 shadow wraiths
  4 goliath frogs
  4 sixfirhies (Zot:2)
  A spectral emperor scorpion (Spider:4)
  4 skeletal warriors
  16 iron trolls
  A sea snake (Lair:6)
  A death drake (shapeshifter) (Depths:2)
  A torturous demonspawn (Depths:1)
  2 spriggan druids
  A flayed ghost (Depths:2)
  4 glowing orange brains
  2 quicksilver dragon simulacra (Depths:4)
  10 deep elf archers
  A shadow demon (Depths:1)
  52 deep trolls
  An obsidian statue (Zot:5)
  22 ironbound convokers
  9 swamp dragons
  2 bog bodies (Swamp:1)
  A harpy (Lair:6)
  7 lindwurms
  7 orc knights
  9 wizards
  25 deep elf pyromancers
  21 deep elf zephyrmancers
  5 necromancers
  9 orb spiders
  A shadow dragon skeleton (Depths:4)
  8 phantasmal warriors
  3 spectral wolf spiders (Spider:4)
  17 wolf spiders
  A wolf spider zombie (Spider:4)
  4 orc sorcerers
  5 will-o-the-wisps
  32 moths of wrath
  A cyclops (shapeshifter) (Depths:5)
  6 shining eyes
  57 ugly things
  4 cyclopes
  A manticore (D:11)
  2 frost giant zombies (Depths:4)
  4 oklob plants (Lair:6)
  4 rust devils
  An elephant (shapeshifter) (Vaults:5)
  16 elephants
  12 vault sentinels
  3 eyes of devastation (Slime:5)
  A black mamba (Lair:4)
  2 ice statues
  2 smoke demons (Depths:3)
  Maggie (D:7)
  2 eyes of devastation (shapeshifter)
  An orange demon (Depths:1)
  A cane toad (shapeshifter) (Elf:3)
  7 cane toads
  A yaktaur zombie (Vaults:3)
  2 unseen horrors
  4 torpor snails
  9 komodo dragons
  A spriggan skeleton (Depths:4)
  10 rime drakes
  3 ice devils
  2 efreet
  A yaktaur (shapeshifter) (Depths:2)
  7 demonic crawlers
  4 spectral redbacks (Spider:4)
  53 yaktaurs
  A tormentor (Depths:3)
  40 jumping spiders
  A queen bee (D:9)
  4 freezing wraiths
  2 red devils
  A hellwing (Depths:3)
  2 queen bees (shapeshifter) (Vaults:5)
  A tengu conjurer (Depths:1)
  11 trolls
  A bloated husk (Swamp:3)
  4 spectral jumping spiders (Spider:4)
  13 polar bears
  A wind drake (Lair:6)
  3 meliai (D:9)
  5 spectral tarantellas (Spider:4)
  2 raiju (Zot:2)
  8 tyrant leeches
  16 hornets
  9 blink frogs
  A snapping turtle (Lair:6)
  7 dream sheep (Lair:4)
  119 slime creatures
  A redback (shapeshifter) (Vaults:5)
  61 redbacks
  9 spriggans
  A shadow (D:12)
  7 water elementals
  6 wraiths
  2 air elementals (Elf:1)
  5 hogs
  25 tarantellas
  78 yaks
  15 wyverns
  10 basilisks
  A spriggan simulacrum (Depths:4)
  A vampire (D:13)
  A yak (shapeshifter) (Elf:1)
  5 fire elementals
  A human (D:13)
  14 golden eyes
  A chaos spawn (Depths:3)
  7 steam dragons
  5 vampire mosquitoes
  2 neqoxecs
  7 wargs
  A swamp worm (shapeshifter) (Vaults:5)
  14 swamp worms
  3 acid dragons
  12 water moccasins
  5 hell hounds
  A floating eye (shapeshifter) (Vaults:5)
  54 orc warriors
  10 swamp drakes
  6 ettin simulacra (Depths:4)
  2 ice beasts
  3 spectral hornets (Spider:4)
  6 sky beasts
  2 human zombies (Vaults:3)
  10 centaurs
  8 ogres
  23 wolves
  A human skeleton (Vaults:3)
  2 phantoms
  4 kobold brigands
  11 bullfrogs
  2 gnoll sergeants
  3 scorpions
  4 earth elementals (Elf:3)
  The ghost of cbfl8 the Sneak, a weakling MiDe (D:4)
  35 killer bees
  5 wights (D:9)
  5 howler monkeys
  4 centaur zombies
  2 hounds
  4 jellies
  18 orc priests
  A gnoll shaman (D:9)
  Ijyb (D:4)
  Natasha (thrice) (D:4)
  2 iguanas
  13 hell rats
  5 lightning spires (Zot:2)
  25 orc wizards
  2 howler monkey zombies
  21 gnolls
  5 adders
  A shadow imp (D:7)
  An ufetubus (D:6)
  An adder skeleton (D:4)
  A worm (D:5)
  3 dart slugs
  83 orcs
  8 endoplasms
  A giant cockroach (D:2)
  8 goblins
  4 hobgoblins
  3 jackals (D:1)
  2 quokkas
  5 ball pythons
  8 bats
  4 frilled lizards
  24 kobolds
  9 rats
  A ball lightning (Zot:2)
  A butterfly (Depths:1)
2403 creatures vanquished.

Vanquished Creatures (collateral kills)
  An ancient lich (Zot:5)
  An orb of fire (Zot:5)
  2 Killer Klowns (Zot:5)
  A tentacled monstrosity (Zot:5)
  13 Orb Guardians (Zot:5)
  A storm dragon (Zot:5)
  Kirke (Lair:4)
  A draconian monk (Zot:5)
  2 ghost moths (Zot:5)
  2 green draconians (Zot:5)
  A red draconian (Zot:5)
  A moth of wrath (Zot:5)
27 creatures vanquished.

Vanquished Creatures (others)
  2 orbs of fire (Zot:5)
  2 tentacled monstrosities (Zot:5)
  5 Orb Guardians (Zot:5)
  A storm dragon (Zot:2)
  A ghost moth (Zot:2)
  A draconian stormcaller (Zot:5)
  A spark wasp (Depths:2)
  20 dancing weapons
  A goliath frog (Swamp:4)
  An ironbound convoker (Vaults:3)
  A deep elf zephyrmancer (Elf:2)
  A moth of wrath (Zot:5)
  A bloated husk (Swamp:4)
  A jumping spider (Spider:3)
  4 ball lightnings (Zot:2)
  3 briar patches (Swamp:4)
  10 foxfires
  80 fungi
  77 plants
213 creatures vanquished.

Grand Total: 2643 creatures vanquished

Notes
Turn   | Place    | Note
-------+----------+-------------------------------------------
     0 | D:1      | grimtooth the Gargoyle Ice Elementalist began the quest for
                  | the Orb.
     0 | D:1      | Reached XP level 1. HP: 10/10 MP: 3/3
   243 | D:1      | You fall into a shaft and drop 1 floor!
   294 | D:1      | Reached XP level 2. HP: 14/15 MP: 1/5
   464 | D:1      | Found a faded altar of an unknown god.
   556 | D:1      | You fall into a shaft and drop 1 floor!
   690 | D:1      | Reached XP level 3. HP: 17/19 MP: 3/6
  1191 | D:2      | Learned a level 3 spell: Ozocubu's Armour
  1195 | D:2      | Learned a level 3 spell: Frozen Ramparts
  1384 | D:2      | Reached XP level 4. HP: 24/24 MP: 3/8
  1657 | D:3      | Reached skill level 5 in Ice Magic
  1807 | D:3      | Reached XP level 5. HP: 23/28 MP: 0/9
  2100 | D:3      | Found a glowing golden altar of the Shining One.
  2164 | D:3      | Found a shadowy altar of Dithmenos.
  2431 | D:3      | Found a glowing silver altar of Zin.
  2481 | D:4      | Noticed Natasha
  2486 | D:4      | Killed Natasha
  2631 | D:4      | Noticed Natasha
  2639 | D:4      | Killed Natasha
  2702 | D:4      | Noticed Natasha
  2713 | D:4      | Killed Natasha
  2714 | D:4      | Reached XP level 6. HP: 21/32 MP: 2/10
  3046 | D:4      | Found a stormy altar of Qazlal.
  3049 | D:4      | Noticed a fire elemental
  3049 | D:4      | Noticed a water elemental
  3049 | D:4      | Noticed an air elemental
  3274 | D:4      | Found a transporter.
  3366 | D:4      | Found a transporter.
  3566 | D:4      | Noticed cbfl8's ghost (weakling MiDe)
  3591 | D:4      | Noticed Ijyb
  4108 | D:5      | Entered Level 5 of the Dungeon
  4459 | D:5      | Noticed a sky beast
  4471 | D:5      | Killed a sky beast
  4472 | D:5      | Reached XP level 7. HP: 36/36 MP: 4/11
  4536 | D:5      | Found a sparkling altar of Nemelex Xobeh.
  4584 | D:5      | Found an ornate altar of the Wu Jian Council.
  4584 | D:5      | Found a hide-covered altar of Uskayaw.
  5565 | D:6      | Reached skill level 1 in Armour
  5685 | D:6      | Found a burning altar of Makhleb.
  5841 | D:6      | Noticed a yak
  5841 | D:6      | Noticed a yak
  5841 | D:6      | Noticed a yak
  5841 | D:6      | Noticed a yak
  5842 | D:6      | Noticed a yak
  5842 | D:6      | Noticed a yak
  5846 | D:6      | Killed a yak
  5846 | D:6      | Killed a yak
  5846 | D:6      | Killed a yak
  5847 | D:6      | Reached skill level 5 in Armour
  5847 | D:6      | Reached XP level 8. HP: 34/41 MP: 5/14
  5851 | D:6      | Killed a yak
  5852 | D:6      | Reached skill level 1 in Conjurations
  5853 | D:6      | Killed a yak
  5855 | D:6      | Killed a yak
  5856 | D:6      | Reached XP level 9. HP: 21/45 MP: 3/15
  6017 | D:6      | Learned a level 4 spell: Hailstorm
  6397 | D:6      | Found a staircase to the Ecumenical Temple.
  6403 | Temple   | Entered the Ecumenical Temple
  6595 | D:6      | Reached skill level 5 in Spellcasting
  6607 | D:6      | Reached skill level 5 in Conjurations
  6909 | D:4      | Killed Ijyb
  7224 | D:4      | Killed cbfl8's ghost
  7555 | Temple   | Became a worshipper of Gozag Ym Sagoz the Greedy
  7779 | D:7      | Reached skill level 1 in Fighting
  8023 | D:7      | Noticed Maggie
  8032 | D:7      | Killed Maggie
  8033 | D:7      | Reached XP level 10. HP: 43/58 MP: 0/19
  8062 | D:7      | Identified the +0 leather armour "Pogigem" {Harm rPois
                  | Will+ Dex+3}
  8073 | D:7      | Reached skill level 5 in Fighting
  8291 | D:7      | Found a runed translucent door.
  8334 | D:7      | Found a radiant altar of Vehumet.
  8412 | D:7      | Reached skill level 5 in Stealth
  8700 | D:7      | Noticed Romesagentofchaos's ghost (novice MiFi)
  9311 | D:8      | Reached skill level 10 in Ice Magic
  9521 | D:7      | Noticed a rust devil
  9521 | D:7      | Noticed a rust devil
  9569 | D:7      | Killed a rust devil
  9570 | D:7      | Reached skill level 1 in Short Blades
  9768 | D:8      | Killed a rust devil
  9890 | D:9      | Found Geodigouha's Book Shop.
  9988 | D:9      | Found a shimmering blue altar of Sif Muna.
 10016 | D:9      | Reached XP level 11. HP: 64/64 MP: 16/20
 10072 | D:9      | Noticed a two-headed ogre
 10223 | D:9      | Killed a two-headed ogre
 10336 | D:9      | Noticed a two-headed ogre
 10346 | D:9      | Killed a two-headed ogre
 10516 | D:9      | Reached skill level 1 in Evocations
 10529 | D:9      | Reached skill level 5 in Short Blades
 10954 | D:9      | Found a hazy altar of Hepliaklqana.
 11351 | D:10     | Entered Level 10 of the Dungeon
 11355 | D:10     | Found a blossoming altar of Fedhas.
 11405 | D:10     | Found a staircase to the Orcish Mines.
 11515 | D:10     | Found a snail-covered altar of Cheibriados.
 11650 | D:10     | Reached XP level 12. HP: 70/70 MP: 1/21
 11761 | D:10     | Reached skill level 5 in Evocations
 11837 | D:10     | Found a staircase to the Lair.
 11854 | D:10     | Found a portal to a secret trove of treasure.
 12266 | D:9      | Bought a book of Alchemy for 364 gold pieces
 12272 | D:9      | Learned a level 4 spell: Petrify
 12323 | Lair:1   | Entered Level 1 of the Lair of Beasts
 12377 | Lair:1   | Reached skill level 1 in Transmutations
 12422 | Lair:1   | Reached skill level 1 in Earth Magic
 12513 | Lair:1   | Reached skill level 2 in Earth Magic
 12606 | Lair:1   | Noticed Harold
 12639 | Lair:1   | Reached skill level 3 in Earth Magic
 12732 | Lair:1   | Noticed Fannar
 12789 | Lair:1   | Killed Fannar
 12790 | Lair:1   | Reached skill level 4 in Earth Magic
 12914 | Lair:1   | Noticed a four-headed hydra
 12925 | Lair:1   | Reached skill level 5 in Transmutations
 12926 | Lair:1   | Killed a four-headed hydra
 12927 | Lair:1   | Reached skill level 5 in Earth Magic
 13174 | Lair:1   | Noticed a six-headed hydra
 13207 | Lair:1   | Identified the +11 halberd of Shame {drain, Fly Will+ MP+9
                  | Str+2}
 13257 | Lair:1   | Killed a six-headed hydra
 13676 | Lair:2   | Noticed a seven-headed hydra
 13692 | Lair:2   | Killed a seven-headed hydra
 13693 | Lair:2   | Reached skill level 6 in Earth Magic
 13777 | Lair:2   | Found a staircase to the Swamp.
 13924 | Lair:2   | Noticed an eight-headed hydra
 13944 | Lair:2   | Killed an eight-headed hydra
 13945 | Lair:2   | Reached skill level 7 in Earth Magic
 14120 | Lair:2   | Reached skill level 8 in Earth Magic
 14120 | Lair:2   | Reached XP level 13. HP: 70/74 MP: 6/22
 15186 | Lair:3   | Reached skill level 9 in Earth Magic
 15227 | Lair:3   | Found a hole to the Spider Nest.
 15615 | Lair:4   | Identified the ring "Zoudecash" {rPois rN+ Str+4}
 15688 | Lair:4   | Found a frozen archway.
 15707 | IceCv    | Entered an ice cave
 16773 | IceCv    | Reached skill level 10 in Transmutations
 16783 | IceCv    | Reached skill level 10 in Earth Magic
 16870 | IceCv    | Reached skill level 1 in Shields
 17056 | IceCv    | Got Moup's Compendium of the Snowflakes
 17594 | Lair:4   | Gained mutation: Your large and strong wings let you fly.
                  | [Gargoyle growth]
 17594 | Lair:4   | Reached XP level 14. HP: 80/80 MP: 21/27
 17702 | Lair:4   | Reached skill level 5 in Shields
 17763 | Lair:4   | Noticed Kirke
 18128 | Lair:4   | Killed Kirke
 18940 | Lair:5   | Noticed Josephine
 19091 | Lair:5   | Killed Josephine
 19507 | Lair:5   | Learned a level 2 spell: Wereblood
 19513 | Lair:5   | Learned a level 5 spell: Irradiate
 19514 | Lair:6   | Entered Level 6 of the Lair of Beasts
 20312 | Lair:6   | Reached XP level 15. HP: 88/88 MP: 14/28
 21218 | Lair:6   | Found a staircase to the Slime Pits.
 21231 | Lair:6   | - this is pretty dangerous
 21484 | Lair:1   | Killed Harold
 21575 | Orc:1    | Entered Level 1 of the Orcish Mines
 21575 | Orc:1    | Found Xuofis's Antique Weapon Emporium.
 22128 | Orc:2    | Entered Level 2 of the Orcish Mines
 22128 | Orc:2    | Found Guarenn's Antique Armour Boutique.
 22154 | Orc:2    | Noticed Urug
 22154 | Orc:2    | Noticed Donald
 22163 | Orc:2    | Found Poefus's General Store.
 22172 | Orc:1    | Noticed Gastronok
 22197 | Orc:1    | Killed Gastronok
 22485 | Orc:2    | Found a transporter.
 22485 | Orc:2    | Noticed an orc warlord
 22494 | Orc:2    | Noticed Jorgrun
 22508 | Orc:2    | Noticed lazarouslive's ghost (journeyman MiFi)
 22512 | Orc:2    | Killed Jorgrun
 22516 | Orc:2    | Killed an orc warlord
 22560 | Orc:2    | Paralysed by an orc sorcerer for 3 turns
 22815 | Orc:2    | Noticed Snorg
 22816 | Orc:2    | - what is this a convention
 22818 | Orc:2    | Killed Urug
 22835 | Orc:2    | Killed Snorg
 22966 | Orc:2    | Found a transporter.
 23103 | Orc:2    | Killed Donald
 23247 | Orc:2    | Reached skill level 5 in Dodging
 23387 | Orc:2    | Noticed an orc warlord
 23403 | Orc:2    | Killed an orc warlord
 23705 | Orc:2    | Found Kuothot's Antique Weapon Shop.
 23714 | Orc:2    | Found a staircase to the Elven Halls.
 23778 | Orc:2    | Bought a scroll of magic mapping for 38 gold pieces
 23778 | Orc:2    | Bought a scroll of identify for 22 gold pieces
 23841 | Orc:2    | Noticed an orc warlord
 23855 | Orc:2    | Killed an orc warlord
 24023 | Orc:2    | Found Vugaomust's Jewellery Shop.
 24249 | Orc:2    | Bought a +1 helmet for 126 gold pieces
 24249 | Orc:2    | Bought a potion of might for 44 gold pieces
 24277 | Orc:2    | Bought a runed troll leather armour for 594 gold pieces
 24670 | D:11     | Reached XP level 16. HP: 96/96 MP: 23/29
 25934 | D:13     | Reached skill level 11 in Earth Magic
 25938 | D:13     | Reached skill level 10 in Conjurations
 26164 | D:13     | Noticed Azrael
 26192 | D:13     | Killed Azrael
 26882 | D:13     | Found a gate to the Vaults.
 27127 | D:13     | Learned a level 5 spell: Freezing Cloud
 27141 | D:13     | Bought a smelly ring mail for 216 gold pieces
 27141 | D:13     | Identified the +0 ring mail of Pride {Rampage rElec} (You
                  | bought it in a shop on level 13 of the Dungeon)
 27141 | D:13     | Bought a shimmering scale mail for 216 gold pieces
 27141 | D:13     | Identified the +6 scale mail of the Snail {rC+ Slay+5
                  | Stlth+} (You bought it in a shop on level 13 of the
                  | Dungeon)
 27141 | D:13     | Bought an ominously black robe for 136 gold pieces
 27141 | D:13     | Identified the +1 robe of Goosho {Int+4 Stlth+} (You bought
                  | it in a shop on level 13 of the Dungeon)
 27141 | D:13     | Bought a runed kite shield for 180 gold pieces
 27294 | Spider:1 | Entered Level 1 of the Spider Nest
 27732 | Spider:1 | Reached skill level 12 in Earth Magic
 28992 | Spider:2 | Reached skill level 1 in Air Magic
 29861 | Spider:3 | Reached XP level 17. HP: 95/100 MP: 30/30
 30046 | Spider:3 | Identified the +2 kite shield of the Swamp {rF+ rC+ rCorr
                  | Slay-2}
 30545 | Spider:4 | Entered Level 4 of the Spider Nest
 30555 | Spider:4 | Reached skill level 10 in Armour
 31128 | Spider:4 | Reached skill level 10 in Spellcasting
 31927 | Spider:4 | Reached skill level 5 in Air Magic
 32566 | Spider:4 | Got a gossamer rune of Zot
 33096 | Swamp:1  | Entered Level 1 of the Swamp
 33122 | Swamp:1  | Reached skill level 10 in Fighting
 33526 | Swamp:1  | Identified the +8 hand axe of Discord {protect, Dex+4}
 33671 | Swamp:1  | Identified the +1 ring mail of Cowardice {SInv}
 33841 | Swamp:2  | Reached XP level 18. HP: 108/108 MP: 24/32
 34078 | Swamp:2  | Noticed Roxanne
 34538 | Swamp:2  | Identified the +9 hand crossbow of Uskayaw's Hope {freeze,
                  | rPois rF+ Int-5 SInv}
 35110 | Swamp:3  | Noticed Aizul
 35119 | Swamp:3  | Killed Aizul
 35692 | Swamp:4  | Entered Level 4 of the Swamp
 35915 | Swamp:4  | Reached skill level 10 in Shields
 37111 | Swamp:4  | Got a decaying rune of Zot
 37250 | Swamp:2  | Killed Roxanne
 37251 | Swamp:2  | - too close
 37307 | Swamp:2  | - and not even sandblast
 38023 | D:14     | Found Nawnem's Antique Armour Shop.
 38026 | D:14     | Bought a glowing cloak for 195 gold pieces
 38218 | D:15     | Entered Level 15 of the Dungeon
 38497 | D:15     | Reached skill level 1 in Staves
 38629 | D:15     | Found a staircase to the Depths.
 38649 | D:15     | Noticed Agnes
 38655 | D:15     | Killed Agnes
 38761 | D:15     | Noticed Nessos
 38773 | D:15     | Killed Nessos
 39035 | D:15     | Found an ancient bone altar of Kikubaaqudgha.
 39061 | D:15     | Reached XP level 19. HP: 110/116 MP: 27/33
 39140 | D:15     | Found a hide-covered altar of Uskayaw.
 39334 | Vaults:1 | Entered Level 1 of the Vaults
 39941 | Vaults:1 | Reached skill level 5 in Staves
 40272 | Vaults:1 | Learned a level 2 spell: Blink
 40815 | Vaults:1 | Noticed a tentacled monstrosity
 40826 | Vaults:1 | Killed a tentacled monstrosity
 42402 | Vaults:2 | Reached XP level 20. HP: 72/122 MP: 30/36
 42773 | Vaults:2 | Found a staircase to the Crypt.
 44501 | Vaults:3 | Found Luyroz's Assorted Antiques.
 44510 | Vaults:3 | Bought a scroll of identify for 56 gold pieces
 44961 | Vaults:3 | Reached skill level 15 in Conjurations
 45900 | Vaults:3 | Reached XP level 21. HP: 114/127 MP: 13/37
 46299 | Vaults:4 | Found Wyklasmo's Antique Weapon Shoppe.
 46300 | Vaults:4 | Found Leaschah's Antique Armour Emporium.
 46354 | Vaults:4 | Noticed Mara
 46357 | Vaults:4 | Noticed grimtooth's illusion
 46361 | Vaults:4 | Killed Mara
 46433 | Vaults:4 | Reached skill level 15 in Shields
 46619 | Vaults:4 | Reached skill level 1 in Translocations
 47113 | Vaults:4 | Found a huge runed gate.
 47113 | Vaults:4 | Found a huge runed gate.
 47113 | Vaults:4 | Found a huge runed gate.
 47113 | Vaults:4 | Found a huge runed gate.
 47113 | Vaults:4 | Found a huge runed gate.
 47114 | Vaults:4 | Found a huge runed gate.
 47114 | Vaults:4 | Found a huge runed gate.
 47114 | Vaults:4 | Found a huge runed gate.
 47114 | Vaults:4 | Found a huge runed gate.
 47116 | Vaults:4 | Found a huge runed gate.
 47116 | Vaults:4 | Found a huge runed gate.
 47116 | Vaults:4 | Found a huge runed gate.
 47116 | Vaults:4 | Found a huge runed gate.
 47116 | Vaults:4 | Found a huge runed gate.
 47116 | Vaults:4 | Found a huge runed gate.
 47117 | Vaults:4 | Found a huge runed gate.
 47118 | Vaults:4 | Found a huge runed gate.
 47119 | Vaults:4 | Found a huge runed gate.
 47127 | Vaults:4 | Found a huge runed gate.
 47127 | Vaults:4 | Found a huge runed gate.
 47127 | Vaults:4 | Found a huge runed gate.
 47127 | Vaults:4 | Found a huge runed gate.
 47127 | Vaults:4 | Found a huge runed gate.
 47127 | Vaults:4 | Found a huge runed gate.
 47128 | Vaults:4 | Found a huge runed gate.
 47129 | Vaults:4 | - the doors!
 47129 | Vaults:4 | Found a huge runed gate.
 47185 | Vaults:4 | Found a huge runed gate.
 47209 | Vaults:4 | Found a huge runed gate.
 47217 | Vaults:4 | Found a huge runed gate.
 47217 | Vaults:4 | Found a huge runed gate.
 47217 | Vaults:4 | Found a huge runed gate.
 47217 | Vaults:4 | Found a huge runed gate.
 47217 | Vaults:4 | Found a huge runed gate.
 47476 | Vaults:4 | Found a huge runed gate.
 47541 | Vaults:4 | Found Higruss's Antique Armour Boutique.
 47640 | Vaults:4 | Reached skill level 5 in Translocations
 48049 | Vaults:4 | - so seven scrolls of acquirement seems unlikely...
 48291 | D:7      | Killed Romesagentofchaos's ghost
 48347 | D:7      | Identified 2 scrolls of acquirement
 48347 | D:7      | Acquired Uxki's Grimoire of the Blaze and Creation
 48348 | D:7      | Acquired a +1 pair of gloves of stealth
 48349 | D:7      | - pretty feeble
 48569 | Vaults:4 | Bought a shiny kite shield for 210 gold pieces
 48682 | Vaults:3 | Bought 2 scrolls of blinking for 420 gold pieces
 48682 | Vaults:3 | Bought a pearl ring for 140 gold pieces
 49214 | Elf:1    | Entered Level 1 of the Elven Halls
 49797 | Elf:1    | Found Acoluath's Distillery.
 50832 | Elf:2    | Found a runed translucent gate.
 50833 | Elf:2    | Found a runed translucent gate.
 50848 | Elf:2    | Reached skill level 10 in Stealth
 50860 | Elf:2    | Reached XP level 22. HP: 91/133 MP: 33/38
 51053 | Elf:2    | Found a runed translucent gate.
 51845 | Elf:2    | Learned a level 5 spell: Bolt of Magma
 51879 | Elf:3    | Entered Level 3 of the Elven Halls
 51879 | Elf:3    | Found Dinn's Jewellery Boutique.
 51996 | Elf:3    | Found Laaco's Book Boutique.
 52006 | Elf:3    | Found Tewkostre's Magic Scroll Shop.
 52483 | Elf:3    | Found Voginath's Jewellery Emporium.
 52498 | Elf:3    | Bought the ring "Fejej" {MP+9 Stlth+} for 387 gold pieces
 52611 | Elf:3    | Identified the +7 flail of the Hall of Blades {freeze,
                  | Will+}
 52628 | Elf:3    | Reached skill level 13 in Earth Magic
 52822 | Elf:3    | Identified the +7 trident of Dividends {elec, Dex+3}
 52976 | Elf:3    | Identified the +6 shortbow "Wavalaru" {speed, Str+3 Int+3}
 52978 | Elf:3    | Identified the +0 ring mail "Pieha" {rF+ rC+}
 53008 | Elf:3    | Identified the amulet of Zelos {Acrobat *Slow rCorr Int+7
                  | SInv}
 53021 | Elf:3    | Got the Handbook of Fire and the Mountains
 53029 | Elf:3    | Identified the +6 hand crossbow "Quzxymm" {elec, *Corrode
                  | *Slow rF+++ Int+4}
 53039 | Elf:3    | Identified the ring "Pepyipt" {Str+6 Int+4 Dex+4}
 53411 | Elf:1    | Paralysed by an air elemental for 1 turns
 53481 | Elf:1    | Bought a potion of haste for 140 gold pieces
 53481 | Elf:1    | Bought 2 potions of haste for 280 gold pieces
 53557 | Elf:3    | Bought the ring of Soppunaf {rPois Will+ rCorr Dex+9 SInv}
                  | for 900 gold pieces
 53764 | Elf:3    | Bought a scroll of blinking for 142 gold pieces
 53764 | Elf:3    | Bought a scroll of teleportation for 57 gold pieces
 53764 | Elf:3    | Bought a scroll of teleportation for 57 gold pieces
 53764 | Elf:3    | Bought a scroll of enchant armour for 142 gold pieces
 53861 | Elf:3    | Learned a level 6 spell: Iron Shot
 53867 | Elf:3    | Learned a level 5 spell: Borgnjor's Vile Clutch
 54153 | Vaults:4 | Bought the +7 lajatang of Order {silver, rMut} for 2128
                  | gold pieces
 54153 | Vaults:4 | Found the +7 lajatang of Order {silver, rMut}
 54738 | Vaults:4 | Bought a glowing morningstar for 238 gold pieces
 55107 | Slime:1  | Entered Level 1 of the Pits of Slime
 55923 | Slime:2  | Reached skill level 14 in Earth Magic
 56073 | Slime:3  | Gained mutation: Your mind is acute. (Int +2) [a shining
                  | eye]
 56238 | Slime:2  | Reached skill level 10 in Evocations
 56914 | Slime:3  | Reached XP level 23. HP: 138/138 MP: 19/39
 57073 | Slime:3  | Reached skill level 1 in Necromancy
 57073 | Slime:3  | Reached skill level 15 in Earth Magic
 57083 | Slime:3  | Reached skill level 10 in Staves
 57470 | Slime:4  | Gained mutation: Your body sometimes deteriorates upon
                  | taking damage. [a shining eye]
 57837 | Slime:5  | Entered Level 5 of the Pits of Slime
 58782 | Slime:5  | Noticed the Royal Jelly
 58783 | Slime:5  | Found a viscous altar of Jiyva.
 58806 | Slime:5  | - oops my resistance
 58806 | Slime:5  | Killed the Royal Jelly
 58807 | Slime:5  | Reached skill level 5 in Necromancy
 58816 | Slime:5  | - so close...
 58816 | Slime:5  | - man why am i not mighted
 58899 | Slime:5  | Identified the +6 trident of Forgiveness {protect, Int+3
                  | Stlth+}
 59039 | Slime:5  | Identified the ring "Peniq" {Will+ EV+4 Int+3 Slay-2
                  | Stlth+}
 59043 | Slime:5  | Identified the +0 robe of Ehudaru {Stlth+}
 59110 | Slime:5  | - well scales are ok
 59117 | Slime:5  | Got a slimy rune of Zot
 60077 | Vaults:5 | Entered Level 5 of the Vaults
 60089 | Vaults:5 | Reached skill level 1 in Throwing
 60105 | Vaults:5 | Noticed an ancient lich
 60113 | Vaults:5 | - oh i forgot wereblood
 60114 | Vaults:5 | Noticed Bai Suzhen
 60121 | Vaults:5 | Killed an ancient lich
 60209 | Vaults:5 | Reached XP level 24. HP: 147/147 MP: 23/39
 60231 | Vaults:5 | Reached skill level 5 in Throwing
 60481 | Vaults:5 | Killed Bai Suzhen
 60681 | Vaults:5 | Identified the +0 fire dragon scales "Jeupn" {*Slow rElec
                  | rF++ rC- rN+++ rCorr}
 60758 | Vaults:5 | Gained mutation: Your body often deteriorates upon taking
                  | damage. [a shining eye]
 61046 | Vaults:5 | Identified the +2 plate armour of Deuqi {rN+ MP-9 Int+2
                  | SInv}
 61159 | Vaults:5 | Reached skill level 15 in Fighting
 61497 | Vaults:5 | Identified the +8 war axe of the Piercing Wolf {flame,
                  | rC++}
 61790 | Vaults:5 | Got a silver rune of Zot
 61905 | Vaults:4 | - interesting... they must have come out of the door vault
 62446 | Vaults:5 | - sweet manuals
 62519 | Vaults:5 | Noticed an ancient lich
 62811 | Vaults:5 | Killed an ancient lich
 63159 | Depths:1 | Entered Level 1 of the Depths
 63177 | Depths:1 | Found a gateway to Hell.
 63205 | Depths:1 | Reached XP level 25. HP: 154/155 MP: 5/39
 63232 | Depths:1 | Found Wura Yle's Jewellery Shoppe.
 63731 | Depths:1 | Found a one-way gate leading to the halls of Pandemonium.
 63741 | Depths:1 | Reached skill level 10 in Translocations
 63745 | Depths:1 | Reached skill level 10 in Necromancy
 64015 | Depths:1 | Found a huge runed gate.
 64015 | Depths:1 | Found a huge runed gate.
 64015 | Depths:1 | Found a huge runed gate.
 64016 | Depths:1 | Found a huge runed gate.
 64017 | Depths:1 | Found a huge runed gate.
 64017 | Depths:1 | Found a huge runed gate.
 64018 | Depths:1 | Found a huge runed gate.
 64018 | Depths:1 | Found a huge runed gate.
 64019 | Depths:1 | Found a huge runed gate.
 64024 | Depths:1 | - doors again?
 64045 | Depths:1 | Found a huge runed gate.
 64046 | Depths:1 | Found a huge runed gate.
 64047 | Depths:1 | Found a huge runed gate.
 65005 | Depths:1 | Found a huge runed gate.
 65005 | Depths:1 | Found a huge runed gate.
 65006 | Depths:1 | Found a huge runed gate.
 65008 | Depths:1 | Found a huge runed gate.
 65013 | Depths:1 | Found a huge runed gate.
 65013 | Depths:1 | Found a huge runed gate.
 65013 | Depths:1 | Found a huge runed gate.
 65013 | Depths:1 | Found a huge runed gate.
 65013 | Depths:1 | Found a huge runed gate.
 65669 | Depths:2 | Found a one-way gate to the infinite horrors of the Abyss.
 67373 | Depths:3 | Identified the +0 pair of gloves of Zaet {Regen+ Dex+3}
 67529 | Depths:2 | Reached skill level 10 in Throwing
 67819 | Depths:3 | Reached XP level 26. HP: 163/163 MP: 36/39
 68299 | Depths:4 | Reached skill level 16 in Earth Magic
 68790 | Depths:4 | Found a blossoming altar of Fedhas.
 68854 | Depths:4 | Found a shadowy altar of Dithmenos.
 68854 | Depths:4 | Found a gateway to a ziggurat.
 69665 | Depths:4 | Identified the +7 hand crossbow of the Valley {penet, rElec
                  | Will+}
 70152 | Depths:4 | Found a shimmering blue altar of Sif Muna.
 70322 | Depths:4 | Found a burning altar of Makhleb.
 71115 | Depths:4 | Reached skill level 17 in Earth Magic
 71398 | Depths:5 | Entered Level 5 of the Depths
 71945 | Depths:1 | Bought the amulet "Lufogeb" {rElec rC+ Regen+} for 1173
                  | gold pieces
 72221 | Vaults:4 | Bought a masterwork plate armour for 1064 gold pieces
 72221 | Vaults:4 | Identified the +14 plate armour of the Forest {rPois} (You
                  | bought it in a shop on level 4 of the Vaults)
 73066 | D:13     | Acquired 731 gold pieces
 73217 | Depths:5 | Acquired 835 gold pieces
 73261 | Depths:5 | Reached XP level 27. HP: 164/173 MP: 35/39
 73305 | Depths:5 | Found a gate to the Realm of Zot.
 73417 | Depths:5 | Found Seakk's Jewellery Emporium.
 73417 | Depths:5 | Found Turux's Book Boutique.
 73418 | Depths:5 | Found Cioloxe's Book Boutique.
 73430 | Depths:5 | Learned a level 5 spell: Manifold Assault
 73435 | Depths:5 | - still no refrigeration
 73435 | Depths:5 | - but here's shatter AND an earth manual...
 73755 | Depths:5 | Reached skill level 18 in Earth Magic
 73979 | Depths:5 | Found a sacrificial altar of Ru.
 74390 | Depths:5 | Bought a manual of Earth Magic for 1600 gold pieces
 74390 | Depths:5 | Bought a book of the Earth for 800 gold pieces
 74542 | Zot:1    | Entered Level 1 of the Realm of Zot
 74596 | Zot:1    | Reached skill level 15 in Armour
 75216 | Zot:1    | Reached skill level 19 in Earth Magic
 75561 | Zot:1    | Noticed an orb of fire
 75568 | Zot:1    | Killed an orb of fire
 76275 | Zot:1    | Reached skill level 20 in Earth Magic
 76277 | Zot:1    | Found a corrupted altar of Lugonu.
 76313 | Zot:1    | Got Sif Muna's Almanac of the Zealot
 77618 | Zot:2    | Reached skill level 21 in Earth Magic
 78091 | Zot:2    | Reached skill level 10 in Dodging
 79459 | Zot:3    | - finally... I guess i should switch cloud
 79459 | Zot:3    | - but then shatter...
 79773 | D:13     | Learned a level 7 spell: Ozocubu's Refrigeration
 80755 | Zot:3    | Noticed an orb of fire
 80756 | Zot:3    | Gained mutation: Armour fits poorly on your strangely
                  | shaped body. [an orb of fire]
 80763 | Zot:3    | Killed an orb of fire
 81921 | Zot:4    | Reached skill level 15 in Ice Magic
 82639 | Orc:2    | Bought a box of beasts for 440 gold pieces
 83409 | Zot:4    | Noticed an orb of fire
 83418 | Zot:4    | Gained mutation: You do not regenerate when monsters are
                  | visible. [an orb of fire]
 83420 | Zot:4    | Killed an orb of fire
 83431 | Zot:4    | Gained mutation: You sometimes lose the ability to read
                  | scrolls when taking damage. [mutagenic glow]
 83439 | Zot:4    | Gained mutation: You occasionally shout uncontrollably at
                  | your foes. [mutagenic glow]
 84079 | Depths:4 | Lost mutation: Your mind is acute. (Int +2) [potion of
                  | mutation]
 84079 | Depths:4 | Lost mutation: You sometimes lose the ability to read
                  | scrolls when taking damage. [potion of mutation]
 84079 | Depths:4 | Gained mutation: A frigid envelope surrounds you and
                  | freezes all who hurt you. [potion of mutation]
 84079 | Depths:4 | Gained mutation: You are agile. (Dex +2) [potion of
                  | mutation]
 84079 | Depths:4 | Gained mutation: You are partially covered in iridescent
                  | scales. (AC +2) [potion of mutation]
 84308 | Zot:5    | Entered Level 5 of the Realm of Zot
 84510 | Zot:4    | - damnated himself!
 84551 | Zot:4    | Got Mofeggum's Incunabulum of the Birds and the Glacier
 84725 | Zot:4    | Reached skill level 15 in Spellcasting
 84739 | Zot:4    | Identified the ring "Foask" {Fire Int+3}
 84821 | Zot:4    | Reached skill level 22 in Earth Magic
 85152 | Zot:4    | Got the Grimoire of the Thoughtful Suns
 85368 | Zot:4    | Acquired the +9 staff of Wucad Mu {*channel}
 85368 | Zot:4    | Found the +9 staff of Wucad Mu {*channel}
 85828 | Zot:5    | Noticed an ancient lich
 85851 | Zot:5    | Noticed an orb of fire
 85852 | Zot:5    | Noticed an orb of fire
 85853 | Zot:5    | Noticed an orb of fire
 85867 | Zot:5    | Killed an orb of fire
 85869 | Zot:5    | Reached skill level 23 in Earth Magic
 85894 | Zot:5    | Killed an ancient lich
 86023 | Zot:5    | Noticed an orb of fire
 86025 | Zot:5    | Noticed an orb of fire
 86026 | Zot:5    | Gained mutation: Your magical capacity is low. (-10% MP)
                  | [an orb of fire]
 86035 | Zot:5    | Killed an orb of fire
 86044 | Zot:5    | Killed an orb of fire
 86061 | Zot:5    | Noticed an orb of fire
 86061 | Zot:5    | Noticed an orb of fire
 86080 | Zot:5    | Killed an orb of fire
 86201 | Zot:5    | Noticed an ancient lich
 86201 | Zot:5    | Noticed an ancient lich
 86205 | Zot:5    | Reached skill level 24 in Earth Magic
 86211 | Zot:5    | Killed an ancient lich
 86453 | Zot:5    | Killed an ancient lich
 86615 | Zot:5    | Lost mutation: Armour fits poorly on your strangely shaped
                  | body. [potion of mutation]
 86615 | Zot:5    | Lost mutation: You are partially covered in iridescent
                  | scales. (AC +2) [potion of mutation]
 86615 | Zot:5    | Lost mutation: You are agile. (Dex +2) [potion of mutation]
 86615 | Zot:5    | Gained mutation: Your mind is acute. (Int +2) [potion of
                  | mutation]
 86691 | Zot:5    | Got the Orb of Zot
 86719 | Zot:5    | Noticed Otsial the pandemonium lord
 86734 | Zot:5    | - holy shit
 86981 | Depths:1 | - oh the double door vaults
 86981 | Depths:1 | - and i didnt do u3
 86994 | D:15     | Noticed a seraph
 87033 | D:13     | Noticed Qureunira the pandemonium lord
 87475 | D:$      | Escaped with the Orb!

Illustrated notes ##......# ########.......## ######.##..##........# ##..#....#.#(....##..# ...........#....###..# ...............###...# .........##....###...# ......#.#....####....# ....##.......####...## .....##.....###......# ....##....### #.@...## ....###...## #..PP.## ....# #....# #..>.P# ....###.##.# ##...P# ....##...### ##..#. ....#...#.### ###### ............### ..............## ...............# ..............### ≈..≈≈≈..........# Turn 21231 on Lair:6: - this is pretty dangerous ..... o.... $ PP... .P.P .. o.P. oT# ## ...## # #.... .... ### ### ##.#..# #####.## ..## ......o###.##...# ...# ......$@........# ### ...## .###...........####.## ....# #............###...# <..## .....................## $.## ###...................# .o## ## ###........#........# ...#.# ##...............## ..##.# #................# ..#..# #...............## ..#.# ................# ....# ...............# Turn 22816 on Orc:2: - what is this a convention ♣♣♣♣♣♣♣♣♣♣♣ ♣♣ ♣♣ ♣♣.♣...♣..≈♣♣♣♣≈ ≈♣. ♣♣.♣♣≈...≈≈...≈...≈≈ ...≈♣..≈♣≈.♣≈........≈≈≈ ..≈....≈)♣..≈≈..≈≈...≈.♣ ♣(.≈.$@...≈.≈≈§.....≈.. ♣.....$.≈....≈≈.....≈... ♣..♣....≈≈≈..≈.≈.≈....≈≈ .≈...≈≈..♣..≈≈≈..≈...≈.. ♣.♣.≈≈.♣.♣.≈....≈..≈.... ♣ ♣♣.≈.≈.♣♣♣....≈≈..≈≈.§ ♣♣♣ ♣♣≈≈.≈♣♣♣♣..♣♣♣.≈.≈.. ♣♣♣♣♣≈♣♣ ♣♣♣♣.♣♣♣≈♣♣....♣♣.♣♣≈. ♣♣...≈≈♣♣♣♣♣.≈..♣♣♣♣≈≈≈♣:..♣♣♣♣.. ..≈≈≈≈.♣♣≈.....≈♣♣≈≈≈≈≈≈....♣♣... .≈≈....♣♣≈...♣♣♣♣♣≈≈≈≈≈≈≈....♣... Turn 37251 on Swamp:2: - too close ♣♣♣♣♣♣♣♣♣♣♣ ♣ ♣ ♣♣ ♣♣♣♣♣.♣...♣..≈♣♣♣♣ .§♣.♣♣♣.♣♣≈...≈≈...≈...≈ ....≈♣..≈♣≈.♣≈........≈≈ ♣..≈....≈)♣..≈≈..≈≈...≈. ♣♣(.≈......≈.≈≈§.....≈. ♣.....@.≈....≈≈.....≈.. ♣..♣....≈≈≈..≈.≈.≈....≈ ♣.≈...≈§..♣..≈≈≈..≈...≈. ♣♣.♣.≈≈.♣.♣.≈....≈..≈... ♣ ♣♣.≈.≈.♣♣♣....≈≈..≈≈. ♣ ♣♣♣ ♣♣≈≈.≈♣♣♣♣..♣♣♣.≈.≈. ♣♣♣♣♣♣≈♣♣ ♣♣♣♣.♣♣♣≈♣♣....♣♣.♣♣≈ .♣♣...≈≈♣♣♣♣♣.≈..♣♣♣♣≈≈≈♣:..♣♣♣♣. ...≈≈≈≈.♣♣≈.....≈♣♣≈≈≈≈≈≈....♣♣.. ..≈≈....♣♣≈...♣♣♣♣♣≈≈≈≈≈≈≈....♣.. ♣.≈.....≈≈....≈♣♣♣≈≈≈≈♣♣≈≈≈≈...≈≈ Turn 37307 on Swamp:2: - and not even sandblast +++++++++..# +..# +..# $ +..# $ +..# $ +..# +..# +..# +..# ++++++++..# .......@..# 9.........# ########### Turn 47129 on Vaults:4: - the doors! .#..# ###..###......#.#..#...#..# .#..# ######......#.#..#...#..# .#..# #########'######'##' .#..# #.#..#...#..# .#..###################'######### ##..#..(......................... ....'.(.......................... ....#.....(...................... ....#............................ ....#.....)...................... ....#.....######@################ #####.....# #......# #.....# #......# ##### #.....# #......# #.... #.....# #......# #.... #.....# #......# #.(.. #.....# #......# #.... #.....# ######## #.... #.....# ######## #.... ### #.....# #......# ##### ..###.....# #......######## Turn 48049 on Vaults:4: - so seven scrolls of acquirement seems unlikely...

...##..#..##......#.##...........
...##....###......####..#........
.........###.......#.#.##........
.......................##........
....................#......##..##
.....##............###....###.###
.....##........#.....[........#..
.....#........#######............
....##........#.....#.....#......
....##.#......'≈≈≈≈≈#.....##..#.#
##.....#......#.@..(#.........#..
##.#..#.##..########......#.....
#.#...........#.........>##..#.
####..........##.##..........#.
##.#...#....#..##...........
#..#........................
#.....#...[.................
#....<......................
#...........................
##....#.......##............
##...##..#.........#.......


Turn 48349 on D:7: - pretty feeble ...... $ ...... !)}(##J§##$}?) ()#}#J##:#?$#
######J§###### .#...#JJJG#...#G ...#.J§J§G..#.. ######JJ###### ##?$#)#J##)#!(##
#!)=$##♣J##$=!)# #=[$)[##.#$|φ[$# ##[}(##..##$:?## ##?$ #.## $## # #..# $
##......... .######.#####.......... ..#.....#.#............
....................... ....................... Turn 58806 on Slime:5: - oops my
resistance ...... $ ...... !)}(..§§..$}?) ().}.☼..:.?$# ##....§§....##
.#....JJ§§....#G ......§.§§..... ##....○$....## ##?$.)JJ..).!(##
#!)=$.J♣...$=!)# #=[$)[....$|φ[$# ##[}(##..##$:?## ##?$ #.## $## # #..# $
##......... .######.#####.......... ..#.....#.#............
....................... ....................... Turn 58816 on Slime:5: - so
close... ........ #.).}[....()[.)# ........ #.)}(.......}.)# ##().}......?.## .
..## ##..........## #.. .....#............#... #................#
####..........#### ##...)....)..(## #.)..@......=.)# #=[.)......|φ[.#
##[}(##..##.:.## ##?.|#.##=..## ##=##..##.###....... .######.#####........
..#.....#.#.......... ..................... ..................... Turn 59110 on
Slime:5: - well scales are ok ,*,*,*,*,*,,,,****,***,***$$$**** ,*,*,*,*,*,,,,*
**,*,..***$$$,*, ,,,*,*,*,*,,,,* **,...,***$$$,* ,*,*,*,*,#..,,* *..$,,,**,$,$*
,*,,,*,*,#....* *#..,,,*,**,$** ,*,*,*,*,#..O.# *#.#,,,***,****, ,*,*,,,*,#....#
*#$#***** **,,*,* ,,,*,*,#,#....###.#* *,,,,** ,*,*,*.#.#....##@#* *$,,,*
,*,*,*......Op§§## **,,** ******##.....°°○######***********
,,,,,,.....§§§§§.......,,,,,,,,,, ,,,,,,....<.§<§p.p.....,,,,,,,,,,
,,,,,,....uL§☼§§.......,,,,,,,,,, ,,,,,,....p..☼.........,,,,,,,,,,
******##........#.#####********** ,,,*,,...........#p#,*,*,*,*,*,*, Turn 60113
on Vaults:5: - oh i forgot wereblood #.............####.. #............∩...#..
#[.........##....... #####'###########..##... #..#([[[.#..# ###..###..
#..#C..Cp#..# ######.. #..'.(...#..# ### #..#.C...#..# #..#..p@B#..############
#..#######..#..(........ #...........'.(......... #...........#.....(.....
#...........#........... #...........#.....)..... #...........#.....######
#############.....# # #.....# # Turn 61905 on Vaults:4: - interesting... they
must have come out of the door vault *,,*,,,*,*,*,#,#.#.#.#.#.#.#,#...
*,,*,*,*,*,*,#.#...#.#.#.#,*,#... *,,*,*,*,,,,,#.#(#.#...#,#.#.#...
*,,*,*,,,*,*,#...#.#.#.#,#.#.#... *,,*,*,*,*,*,#.#.#.#.#,..#.#.#...
*,,*,*,,,*,*...#.#...#,*.#.#.#... *,,*,*,*,*,#.#,#.#.#,*,*,..#.#...
*,,*,*,*,,,#.*,#...#,,,*,#.#.#... #..#..,*,*,#,*,#@#.#,*,*,#.#.#...
#.....,*,*,,,*,#.#.#,*,*,#....... #....#######***###*#########)(...
#...........,,,,,,,,.......(...<< #...........,,,,,,,,..........<..
#...........,,,,,,,,..........(<< #...........,,,,,,,,........(.[..
#....#######################((... #........#......#......#..[[.(... Turn 62446
on Vaults:5: - sweet manuals [..... .......##..≈≈ +.#T........≈. $
+....≈≈.....≈. +...T≈≈≈....≈. +............. +++++.............
##................. #.@(...##.......... ###................ #..................
#####................. .#................... ### ..#....#......≈.≈≈≈.
#.###.............≈.≈≈.. ##.##..#+########....... ##.#......... ##....... Turn
64024 on Depths:1: - doors again? #........... ########...........
...........?....... .................. #######.........^ ♣♣♣♣♣#..........
♣♣...♣#.......... ♣♣.∩..♣#......... ♣..@..♣#......... ♣.∩.⌠.∩........##
♣.!...♣#≈≈≈≈≈≈.# ♣♣.∩..♣#≈≈###≈.# ♣♣...♣#≈≈# ≈.# ♣♣♣♣♣#≈≈# .# #≈≈≈ ..$.. ...)
Turn 73435 on Depths:5: - still no refrigeration ## ..## ....# .....## ......##
#....## #....## #.@..# $ ##...## ##>..# ##..## #...# ##..# #..## ##..# #..# Turn
79459 on Zot:3: - finally... I guess i should switch cloud ##..#...## ###.#.##
##.##)#[## $$ #.).##.[[## $$$$$ ####..####[)## $$ $$ $$$ ##...#### ##..# $ $ $$
###..#....## #..# $ $ ##☼☼.#####..# ##.. ####@☼### ####.###..#
###.$$☼☼§##..[###.##... #...$☼☼○§.'.:.# #.....# $$$$ qq.........#...# ##...##
$$$$ ##.......### ### ##### ######### Turn 84510 on Zot:4: - damnated himself!
#........### ###........# #.......## ##.....^.# .......## ##......# .......#
##...... ......## #...... ......# ##### #...... ......# ######...###### ##...?.
......####.............#####..... ................@.........#......
####.........................#### # ###....................<### #
##...#...#...#...#$..## #### ▓▓########*########▓▓ #### ...## #...............#
##.^. ....## ##.......&.....## ##.... .....## #.............# ##..... .....^#
##...........## #...... Turn 86734 on Zot:5: - holy shit #### ###### # #### ###
##..#####..#.## # ##..###.# ##..#..#.......# #####.....#.###..............#
..##..##....∩#..@...........## #.....##....#..............##
..#................#......### ..#..........#..............#
..............#..###.......>## .................###..<......#
.................##.........## ................##..........#
.........#......##...≈≈...### Turn 86981 on Depths:1: - oh the double door
vaults

Levels and vault maps discovered:
D:1:      roderic_crossed_star, layout_basic, hellmonk_ecumenical_altar_lost_god
D:2:      layout_loops_cross, minmay_misc_feat_four_crosses
D:3:      layout_loops_ring, overflow_temple_1_default, zin_statuary,
          grunt_dithmenos_smoke
D:4:      layout_gridville, nicolae_qazlal_style_of_elements,
          gammafunk_ghost_gnarly_gnolls, glass_columns_b, uniq_natasha,
          uniq_ijyb
D:5:      layout_basic, mainiacjoe_overflow_tiny_flanked,
          gammafunk_temple_overflow_wave
D:6:      kb_forest_paths, layout_loops_cross, makhleb_heckhound_becter,
          minmay_temple_entry_fiery
D:7:      cheibrodos_iron_armory, layout_cave_pools, marbit_many_paths,
          ebering_ghost_reflecting_pool, minmay_a_box_with_orc_wizards_in_it,
          uniq_maggie
D:8:      layout_rooms, hangedman_misty_isle
D:9:      layout_roguey [special_room_bee], nicolae_sif_muna_condensation,
          mainiacjoe_overflow_cross_hatched, serial_shops, nicolae_square_shop,
          grunt_potential
D:10:     layout_loops_ring, lemuel_round_altar,
          mainiacjoe_overflow_concentric_impassable, erik_lair_orcish_takeover,
          orc_0_dummy, nicolae_trove_entry_isolated
D:11:     layout_long_grid
D:12:     layout_basic
D:13:     layout_big_octagon, david_vaults_1, minmay_variable_closet,
          grunt_livestock, uniq_azrael
D:14:     layout_long_grid, corexii_corridor_pit, serial_shops, kennysheep_mini
D:15:     grunt_enter_depths_giant_problem, layout_cave_pods,
          nicolae_kikubaaqudgha_miasma_corner, nicolae_uskayaw_dance_hall,
          uniq_nessos, uniq_agnes
Temple:   nicolae_temple_figure_zero
Lair:1:   layout_cave_pods, hibernation_bobbens, grunt_megastairs_2,
          uniq_fannar, uniq_harold
Lair:2:   dpeg_oklob_shooting_range, layout_chaotic_city, swamp_mist_pool,
          nicolae_quartered_pool_little
Lair:3:   layout_roguey, spider_nest_entry_a
Lair:4:   layout_regular_city, portal_ice_cave_entry_pillars_1, uniq_kirke
Lair:5:   layout_loops_ring, special_room [special_room_mythical_zoo],
          uniq_josephine
Lair:6:   gammafunk_lair_ancient_temple, layout_regular_city,
          minmay_slime_entry_oklob_enclosed, st_stairs_13
Swamp:1:  layout_basic_swamp, evilmike_swamp_ruin_house_1
Swamp:2:  layout_basic_swamp, nicolae_swamp_feature_on_the_river_bank,
          infiniplex_staircase_pool_2, uniq_roxanne
Swamp:3:  layout_basic_swamp, evilmike_swamp_ruin_rubble_2, uniq_aizul
Swamp:4:  swamp, layout_basic_swamp, swamp_pool1, nicolae_swamp_trees_clearing
Spider:1: layout_chambers
Spider:2: nicolae_spider_mines_1, hangedman_spider_tarantella_strand
Spider:3: layout_spider_delve
Spider:4: floodkiller_spider_rune_tomb, special_room, spiders_nest_the_unseen
Slime:1:  layout_caves
Slime:2:  layout_caves
Slime:3:  layout_caves
Slime:4:  layout_caves
Slime:5
Orc:1:    layout_caves, special_room [special_room_orc], serial_shops, shop,
          uniq_gastronok
Orc:2:    grunt_orc_gardens, layout_diamond_mine, grunt_orc_garden,
          grunt_orc_garden, grunt_orc_garden, grunt_orc_garden,
          gammafunk_ghost_stat_death, uniq_urug, uniq_donald, uniq_snorg,
          uniq_jorgrun
Elf:1:    layout_onion_city, serial_shops, shop, serial_co_window_serial,
          co_window_corner_a, co_window_corner_a, co_window_paths_a,
          co_window_paths_b, co_window_corner_a, co_window_corner_a,
          co_window_corner_a, co_window_corner_cb, co_window_broadway_c,
          co_window_corner_ca, co_window_broadway_c, co_window_paths_c,
          co_window_4corner_a, glass_columns_a, glass_columns_b
Elf:2:    elven_hall_of_blades_hangedman_original
          [nicolae_blade_entry_diamond_columns], layout_gridlike
Elf:3:    elf_hall, layout_gridlike, serial_shops, shop, shop_fountains,
          nicolae_diamond_shop, nicolae_shop_window_shopping,
          nicolae_elf_big_sculpture_1
Vaults:1: st_quartered_hall, v_misc_30, nicolae_vaults_little_squares_1,
          v_pattern_5, nicolae_vaults_shelves_hall, nicolae_vaults_triangles,
          vaults_dpeg_diagonal, layout_vaults_omnigrid
Vaults:2: v_pattern_1, nicolae_vaults_inception_corners, grunt_vaults_swirl,
          blue_anna_dwarven_crypt, vaults_room_corners, grunt_vaults_diagonal,
          vaults_mumra_minichess_inversion, v_misc_25,
          nicolae_vaults_hallways_thing, v_misc_29, layout_vaults_omnibox
Vaults:3: nicolae_vaults_murderbox, ontoclasm_vaults_tryst,
          nicolae_vaults_little_squares_6, v_rooms_4, v_misc_3,
          ontoclasm_vaults_pinch, vaults_mumra_chevron_long,
          dpeg_vaults_monster_box, vaults_mumra_minichess,
          vaults_room_fancy_cross, layout_vaults_big_room, serial_shops,
          nicolae_shop_overgrown_old_shop
Vaults:4: vaults_mumra_lcd, ontoclasm_vaults_claustrophobia,
          ontoclasm_vaults_shuriken, vaults_door_vault, ontoclasm_vaults_chip,
          v_misc_9, nicolae_vaults_what_the_h, nicolae_vaults_network_star,
          serial_ice_b, v_misc_12, vaults_room_corners, vaults_dpeg_cross,
          layout_vaults_ring, serial_shops, shop, nicolae_square_shop, shop,
          uniq_mara
Vaults:5: uniq_bai_suzhen
Depths:1: layout_cave_pools, serial_shops, shop, hell_entry,
          rand_demon_pan_entry_9, hangedman_glass_garden, door_vault
Depths:2: hangedman_arch_fort, layout_gridville,
          hangedman_abyss_or_decor_stagger, abyss_entry_small_statue_room,
          hell_entry
Depths:3: grated_community_mu [grated_community_mu_vampire_home,
          grated_community_mu_giant_home, grated_community_mu_spellcaster_home,
          grated_community_mu_orcish_home, grated_community_mu_troll_home,
          grated_community_mu_taur_home, grated_community_mu_unbuilt_plot],
          layout_twisted_cross, hell_entry, chequers_serial_rivers_large_a,
          grunt_pan_entry_in_and_out
Depths:4: grunt_profane_halls [grunt_profane_temple_dis,
          grunt_profane_temple_tar, grunt_profane_temple_geh,
          grunt_profane_temple_coc, grunt_profane_loot], hell_entry, abyss_entry
Depths:5: evilmike_zot_entry_diamond, layout_gridlike,
          nicolae_ru_sacrificial_ziggurat, hell_entry, minmay_shop_grove,
          roderic_lattice_octagonal_star
Zot:1:    nicolae_zot_draconian_monastery, layout_concentric_octagons
Zot:2:    infiniplex_zot_generator, layout_twisted_circle, grunt_ministairs_11
Zot:3:    kennysheep_spiral_hall, layout_cathedral_of_symmetry,
          grunt_megastairs_5
Zot:4:    grunt_zot_stairs_mandelzot, layout_basic, st_small_dragon_hoard_1,
          st_large_dragon_hoard_4
Zot:5:    layout_cathedral_of_symmetry

Skill      XL: |  1  2  3  4  5  6  7  8  9 10 11 12 13 14 15 16 17 18 19 20 21 22 23 24 25 26 27 |
---------------+----------------------------------------------------------------------------------+-----
Spellcasting   | 3 4 6 9 10 12 15 | 15.0
Ice Magic      | 5 6 7 9 10 12 17 | 17.7
Armour         | 5 6 7 9 12 14 18 | 18.0
Conjurations   | 3 6 9 12 15 | 15.0
Fighting       | 4 6 7 9 10 12 13 15 16 18 | 18.0
Stealth        | 4 6 9 10 12 | 12.0
Short Blades   | 2 6 9 |  9.0
Evocations     | 4 6 8 9 10 | 10.0
Transmutations | 8 10 11 12 | 12.0
Earth Magic    | 8 10 12 14 15 17 24 | 24.5
Shields        | 3 6 7 12 13 15 | 15.0
Dodging        | 6 7 9 10 | 10.0
Air Magic      | 2 6 |  6.0
Staves         | 3 8 9 12 | 12.0
Translocations | 6 9 12 | 12.0
Necromancy     | 6 9 10 | 10.0
Throwing       | 4 8 10 | 10.0

Action                   |  1- 3 |  4- 6 |  7- 9 | 10-12 | 13-15 | 16-18 | 19-21 | 22-24 | 25-27 || total
-------------------------+-------+-------+-------+-------+-------+-------+-------+-------+-------++-------
Melee: Unarmed           |     1 |       |       |       |     3 |       |       |       |       ||     4
       Dagger            |     6 |    31 |    74 |   319 |   918 |   962 |   266 |     4 |    36 ||  2616
       Whip              |       |       |     8 |       |       |       |       |       |       ||     8
       Staff             |       |       |       |    12 |       |    74 |   653 |   796 |  1159 ||  2694
       Lajatang          |       |       |       |       |       |       |       |    86 |       ||    86
       Quick blade       |       |       |       |       |       |       |       |       |   507 ||   507
Throw: Stone             |       |    35 |    36 |     3 |       |       |       |       |       ||    74
       Dart              |       |       |     1 |    68 |   111 |   108 |       |       |     1 ||   289
       Boomerang         |       |       |       |       |       |       |       |       |   222 ||   222
       Javelin           |       |       |       |       |       |       |       |       |    54 ||    54
 Cast: Freeze            |    61 |    60 |    16 |    31 |    33 |    89 |     3 |       |       ||   293
       Frozen Ramparts   |       |     5 |    19 |    51 |    65 |    32 |     8 |     9 |       ||   189
       Ozocubu's Armour  |       |     5 |    19 |    46 |    76 |    40 |    55 |    46 |    13 ||   300
       Hailstorm         |       |       |    11 |    47 |    84 |   153 |   166 |    93 |    26 ||   580
       Petrify           |       |       |       |       |    49 |    17 |    38 |     3 |   101 ||   208
       Irradiate         |       |       |       |       |       |    36 |    39 |    25 |    20 ||   120
       Wereblood         |       |       |       |       |       |     9 |       |     1 |       ||    10
       Freezing Cloud    |       |       |       |       |       |    33 |    52 |    31 |    24 ||   140
       Bolt of Magma     |       |       |       |       |       |       |       |    51 |   136 ||   187
       Iron Shot         |       |       |       |       |       |       |       |    64 |   253 ||   317
       Blink             |       |       |       |       |       |       |       |     2 |    12 ||    14
       Borgnjor's Vile C |       |       |       |       |       |       |       |    33 |   173 ||   206
       Manifold Assault  |       |       |       |       |       |       |       |       |     8 ||     8
       Ozocubu's Refrige |       |       |       |       |       |       |       |       |     2 ||     2
Invok: Call Merchant     |       |       |       |       |       |     2 |       |       |       ||     2
       Potion Petition   |       |       |       |       |       |       |       |     2 |     2 ||     4
       Bribe Branch      |       |       |       |       |       |       |       |       |     1 ||     1
Evoke: Wand              |       |       |     6 |    13 |    33 |    56 |    18 |    25 |    72 ||   223
       Tin of tremorston |       |       |       |       |     3 |       |       |     1 |       ||     4
       Condenser vane    |       |       |       |       |     2 |       |       |       |     1 ||     3
       Phial of floods   |       |       |       |       |       |       |       |     2 |       ||     2
       Lightning rod     |       |       |       |       |       |       |       |     4 |     4 ||     8
       Box of beasts     |       |       |       |       |       |       |       |       |     2 ||     2
  Use: Scroll            |       |       |       |    10 |     5 |     5 |    10 |     6 |    30 ||    66
       Potion            |       |       |       |       |     1 |     4 |       |    10 |    15 ||    30
 Stab: Sleeping          |     1 |     1 |     2 |     2 |    10 |    19 |    14 |     8 |     6 ||    63
       Distracted        |       |       |       |     5 |     4 |    12 |     3 |     3 |    16 ||    43
       Petrified         |       |       |       |       |    54 |    13 |    62 |    12 |   126 ||   267
       Petrifying        |       |       |       |       |    14 |     9 |     8 |       |    75 ||   106
       Invisible         |       |       |       |       |     2 |       |       |       |     1 ||     3
Armor: Leather armour    |    42 |    17 |    65 |   196 |   480 |       |       |       |       ||   800
       Skin              |       |       |       |       |     1 |       |       |    19 |       ||    20
       Troll leather arm |       |       |       |       |    20 |   128 |       |   146 |   326 ||   620
       Scale mail        |       |       |       |       |       |   908 |   591 |    67 |       ||  1566
       Ring mail         |       |       |       |       |       |       |       |   225 |       ||   225
       Plate armour      |       |       |       |       |       |       |       |       |   537 ||   537
Dodge: Dodged            |    56 |    49 |    54 |   186 |   410 |   744 |   238 |   386 |   560 ||  2683
Block: Buckler           |       |       |       |       |    96 |   323 |       |       |       ||   419
       Kite shield       |       |       |       |       |       |    49 |   562 |   255 |   912 ||  1778
